 Dungeon Crawl Stone Soup version 0.31-a0-189-ga26ba32dd1 (webtiles) character file.

Game seed: 11845093684121680462

46 qw the Shooter (level 3, 0/20 HPs)
             Began as a Deep Elf Hunter on June 23, 2023.
             Slain by an adder (1 damage)
             ... on level 2 of the Dungeon.
             The game lasted 00:00:26 (1082 turns).

qw the Shooter (Deep Elf Hunter)                    Turns: 1082, Time: 00:00:26

Health: 0/20       AC:  5    Str: 10    XL:     3   Next: 44%
Magic:  5/5        EV: 11    Int: 13    God:
Gold:   80         SH:  0    Dex: 18    Spells: 2/2 levels left

rFire   . . .        Y - +0 shortbow
rCold   . . .        (shield currently unavailable)
rNeg    . . .        d - +0 ring mail
rPois   .            (no helmet)
rElec   .            (no cloak)
rCorr   .            (no gloves)
SInv    .            (no boots)
Will    .....        (no amulet)
Stlth   +            (no ring)
HPRegen 0.23/turn    (no ring)
MPRegen 0.09/turn

%: no passive effects
@: lethally poisoned (0 -> -2)
A: no striking features
a: no special abilities


You were on level 2 of the Dungeon.
You visited 1 branch of the dungeon, and saw 2 of its levels.

You collected 80 gold pieces.


   Skills:
 - Level 1.5 Fighting
 + Level 7.0 Ranged Weapons
 - Level 2.4 Dodging
 - Level 1.2 Stealth


You had 2 spell levels left.
You didn't know any spells.
Your spell library was empty.

Inventory:

Hand Weapons
 Y - a +0 shortbow (weapon)
Armour
 d - a +0 ring mail (worn)
Potions
 a - a potion of curing {unknown}
 e - a potion of attraction {unknown}
 g - a potion of brilliance {unknown}

Dungeon Overview and Level Annotations

Branches:
Dungeon (2/15)

Altars:


Message History

You kill the jackal!
You start resting.
HP restored.
An adder comes into view.
Enter note:
Enter note: You shoot an arrow.
The arrow closely misses the adder.
The adder hisses angrily.
You shoot an arrow. The arrow hits the adder!
The adder is severely wounded.
An adder comes into view.
You shoot an arrow. The arrow barely misses the adder.
The adder bites you but does no damage.
You shoot an arrow. The arrow barely misses the adder.
The adder bites you but does no damage.
You shoot an arrow. The arrow closely misses the adder.
The adder barely misses you. The adder bites you but does no damage.
The adder barely misses you. x2
You shoot an arrow. The arrow hits the adder.
The adder is almost dead.
The adder closely misses you. The adder bites you.
The adder completely misses you.
You shoot an arrow. The arrow hits the adder.
You kill the adder!
The adder bites you. The adder barely misses you.
Your Ranged Weapons skill increases to level 7!
You shoot an arrow. The arrow closely misses the adder.
The adder closely misses you. The adder bites you but does no damage.
You shoot an arrow. The arrow hits the adder!
The adder is heavily wounded.
The adder bites you.
You are poisoned.
The adder poisons you!
You shoot an arrow. The arrow barely misses the adder.
You feel sick. The adder bites you but does no damage. The adder misses you.
You shoot an arrow. The arrow barely misses the adder.
You feel sick. The adder bites you. x2
You shoot an arrow. The arrow closely misses the adder.
You feel sick. The adder bites you.
You die...

...###.......#..
###...........###
....###.##.....#
#..#!#.#....#.#
#.###....#.#.#
#.....##.#.#.# #
##....##.#.#.#
#####.######.#####.#.#..
......S@.....# #.#...%
#.......###### ..#.##.
#.......# ######.
#........ .. #####.##.
## #. .. #. .. .. ##.


You could see an adder.

Vanquished Creatures
  An adder (D:2)
  A dart slug (D:1)
  3 ball pythons (D:1)
  4 endoplasms (D:1)
  3 giant cockroaches
  4 hobgoblins
  4 jackals
  3 kobolds (D:1)
  A quokka (D:1)
  A bat (D:1)
  2 goblins (D:1)
  2 rats (D:1)
29 creatures vanquished.

Notes
Turn   | Place    | Note
-------+----------+-------------------------------------------
     0 | D:1      | qw the Deep Elf Hunter began the quest for the Orb.
     0 | D:1      | Reached XP level 1. HP: 12/12 MP: 3/3
     0 | D:1      | 0 ||| qw: Version: 0.3-a-9-g12657ce
     0 | D:1      | 0 ||| qw: Game counter: 4460
     0 | D:1      | 0 ||| qw: Always use a shield: true
     0 | D:1      | 0 ||| qw: God list: Okawaru
     0 | D:1      | 0 ||| qw: Allow faded altars: false
     0 | D:1      | 0 ||| qw: Do Orc after D:15 true
     0 | D:1      | 0 ||| qw: Do second Lair branch before Depths: true
     0 | D:1      | 0 ||| qw: Lair rune preference: random
     0 | D:1      | 0 ||| qw: Plans: Normal
     0 | D:1      | 0 ||| PLANNING D:1-11
   105 | D:1      | Reached XP level 2. HP: 9/16 MP: 4/4
   146 | D:1      | Reached skill level 6 in Ranged Weapons
   686 | D:1      | 686 ||| UPGRADING to +0 ring mail.
   721 | D:1      | 721 ||| DROPPING +0 leather armour.
   781 | D:1      | Reached XP level 3. HP: 20/20 MP: 5/5
   876 | D:1      | 876 ||| READING scroll labelled PYEVAN WEYGAIG.
   877 | D:1      | 877 ||| DROPPING scroll of butterflies.
  1078 | D:2      | Reached skill level 7 in Ranged Weapons
  1081 | D:2      | HP: 2/20 [adder (4)]
  1082 | D:2      | Slain by an adder

Levels and vault maps discovered:
D:1:      lightli_arrival_chessboard, layout_basic, reono_crystal_passage,
          serial_park_tiny_2
D:2:      layout_basic, serial_glass, glass_columns_b, glass_columns_c,
          glass_columns_a, glass_columns_a, item_on_display_a,
          hangedman_decor_lopped, corexii_shack

Skill      XL: |  1  2  3 |
---------------+----------+-----
Ranged Weapons | 6 7 |  7.0
Fighting       | |  1.5
Dodging        | |  2.4
Stealth        | |  1.2

Action                     || total
---------------------------++-------
   Fire: Shortbow          ||   108
    Use: Scroll            ||     1
 Armour: Leather armour    ||     5
         Ring mail         ||    11
  Dodge: Dodged            ||    30

Table legend:
 A = Non-vault XP
 B = Vault XP
 C = Vault XP percentage of total XP
 D = Non-vault monster count
 E = Vault monster count
 F = Vault count percentage of total count
                 A         B        C        D         E       F
            +---------+---------+-------+---------+---------+-------
      Total |      66 |       0 |   0.0 |      29 |       0 |   0.0
            +---------+---------+-------+---------+---------+-------
        D:1 |      42 |       0 |   0.0 |      23 |       0 |   0.0
        D:2 |      24 |       0 |   0.0 |       6 |       0 |   0.0
            +---------+---------+-------+---------+---------+-------
